 Dungeon Crawl Stone Soup version 0.20.0-15-g7f486f2 (webtiles) character file.

49 robba the Firebug (level 4, 0/30 HPs)
             Began as a Human Fire Elementalist on July 1, 2017.
             Slain by a goblin
             ... wielding a +0 dagger
             ... led by Robin
              (3 damage)
             ... on level 2 of the Dungeon.
             The game lasted 00:13:11 (1689 turns).

robba the Firebug (Human Fire Elementalist)         Turns: 1689, Time: 00:13:12

Health: 0/30       AC:  3    Str:  9    XL:     4   Next: 2%
Magic:  5/7        EV: 12    Int: 16    God:
Gold:   60         SH:  0    Dex: 13    Spells: 2/8 levels left

rFire    . . .     SeeInvis .   e - +2 dagger (drain)
rCold    + . .     Gourm    .   (no shield)
rNeg     . . .     Faith    .   i - +0 leather armour
rPois    .         Spirit   .   (no helmet)
rElec    .         Reflect  .   (no cloak)
rCorr    .         Harm     .   (no gloves)
MR       .....                  (no boots)
Stlth    ++........             (no amulet)
Regen    0.1/turn               g - ring of protection from cold
MPRegen  0.1/turn               (no ring)

@: hasted, very quick
A: no striking features
a: no special abilities


You were on level 2 of the Dungeon.
You were not hungry.

You visited 1 branch of the dungeon, and saw 2 of its levels.

You collected 60 gold pieces.

Inventory:

Hand Weapons
 e - a +2 dagger of draining (weapon)
Missiles
 f - 51 stones (quivered)
Armour
 a - a +0 robe
 i - a +0 leather armour (worn)
Jewellery
 g - a ring of protection from cold (left hand)
Scrolls
 j - a scroll of teleportation {unknown}
 k - a scroll of remove curse
Books
 b - a book of Flames

   Spells                             Type                      Level
   a - Flame Tongue                   Conjuration/Fire             1
   b - Throw Flame                    Conjuration/Fire             2
   c - Conjure Flame                  Conjuration/Fire             3
   d - Inner Flame                    Hexes/Fire                   3
   e - Sticky Flame                   Conjuration/Fire             4
   f - Fireball                       Conjuration/Fire             5
Comestibles
 c - 4 bread rations
 o - a royal jelly


   Skills:
 + Level 0.2 Fighting
 + Level 2.3 Dodging
 + Level 2.0 Stealth
 + Level 2.5 Spellcasting
 + Level 1.7 Conjurations
 + Level 3.5 Fire Magic


You had 2 spell levels left.
You knew the following spells:

 Your Spells              Type           Power        Failure   Level  Hunger
a - Flame Tongue          Conj/Fire      ##...        10%         1    #......
b - Throw Flame           Conj/Fire      ##....       14%         2    ##.....
c - Inner Flame           Hex/Fire       #.......     36%         3    ###....


Dungeon Overview and Level Annotations

Branches:
Dungeon (2/15)

Altars:
Ashenzari

Annotations:
D:2 Robin


Message History

The adder bites you but does no damage. The goblin hits you but does no damage.
The adder bites you but does no damage.
The goblin hits you but does no damage. x2
The adder bites you but does no damage.
The goblin hits you but does no damage. x2
The adder bites you but does no damage.
Robin says, "My goblins will feast on your bones."
The goblin hits you but does no damage. x2
The adder bites you but does no damage. The adder bites you but does no damage.
The goblin hits you but does no damage. x2
You feel less wooden.
Your +0 leather armour unmelds from your body.
The goblin no longer looks unusually strong.
The adder closely misses you.
Robin roars a battlecry!
The goblin goes into a battle-frenzy!
The goblin barely misses you. The goblin hits you.
* * * LOW HITPOINT WARNING * * *
It was a potion of haste.
You feel yourself speed up.
The goblin no longer looks unusually strong.
The adder bites you but does no damage. The goblin hits you with a dagger.
You die...

#.## #.# #....# ## #..###.#
#....# #. #.....# #....# #.
#.....# #....# #. #######.....#
#....# #. .....###....# ######
##. .....# #.##.# #..
.....###..#g############ ##..
.†........ggggbS@g.....# #..#
.....####.gg#####g.....#######.##
##.### ##..# #......##......## #.
...>.. #......##....##.. ..
.......# #......##....##.# #..
#.......# #.......)........ #.g
###.....# #.#######....#### #.g
#.....# ### #..<.........
#.#.###..####


You could see Robin, an adder, 8 goblins and a bat.

Vanquished Creatures
  2 worms (D:1)
  A dart slug (D:1)
  A leopard gecko (D:1)
  2 ball pythons (D:2)
  2 giant cockroaches
  6 hobgoblins
  6 bats
  3 frilled lizards
  5 goblins
  7 kobolds
  4 rats
39 creatures vanquished.

Notes
Turn   | Place    | Note
-------+----------+-------------------------------------------
     0 | D:1      | robba the Human Fire Elementalist began the quest for the Orb.
     0 | D:1      | Reached XP level 1. HP: 13/13 MP: 3/3
   205 | D:1      | Reached XP level 2. HP: 19/19 MP: 1/5
   501 | D:1      | Reached XP level 3. HP: 24/24 MP: 1/6
   671 | D:1      | Learned a level 1 spell: Flame Tongue
   674 | D:1      | Learned a level 2 spell: Throw Flame
   678 | D:1      | Learned a level 3 spell: Inner Flame
  1078 | D:2      | Found a shattered altar of Ashenzari.
  1524 | D:2      | Reached XP level 4. HP: 30/30 MP: 2/7
  1668 | D:2      | Noticed Robin
  1689 | D:2      | Slain by a goblin

Action                   |  1- 3 |  4- 6 || total
-------------------------+-------+-------++-------
Melee: Dagger            |    15 |     9 ||    24
 Cast: Flame Tongue      |    41 |     4 ||    45
       Throw Flame       |    11 |     2 ||    13
       Inner Flame       |     2 |       ||     2
  Use: Scroll            |     3 |       ||     3
       Potion            |       |     3 ||     3
  Eat: Chunk             |     3 |     1 ||     4
Armor: Robe              |     2 |       ||     2
       Skin              |       |    76 ||    76
       Leather armour    |       |     3 ||     3
Dodge: Dodged            |    20 |    19 ||    39
